Map: Opérations galactiques EC

Players

zidar

  • Race: Zerg Zerg
  • League: Platinum
  • Spawn Location: 7:00

BOLIS - Winner!

  • Race: Protoss Protoss
  • League: Platinum
  • Spawn Location: 1:00

VOD

Have the link to the VOD?

Description

Time

  • Played on: Oct. 10, 2016, 2:29 p.m.
  • Length: 2:15
Show
View Real Time Build Order
Export as new Build Order

zidar Zerg 

Build Orders: Hatch First 

Get SALT Encoding   

  12  0:02  Drone  
  13  0:12  Overlord  
  13  0:17  Drone  
  14  0:31  Drone x2  
  16  0:52  Hatchery  
  16  0:54  Drone  
  14  2:08  Spawning Pool  
Show
View Real Time Build Order
Export as new Build Order

BOLIS Protoss - Winner!

Build Orders:  

Get SALT Encoding   

  12  0:02  Probe (Chrono Boost)  
  13  0:13  Probe (Chrono Boost)  
  14  0:22  Pylon  
  14  0:25  Probe (Chrono Boost)  
  15  0:40  Probe (Chrono Boost)  
  16  0:43  Forge  
  16  1:01  Pylon  
  17  1:04  Probe (Chrono Boost)  
  17  1:14  Probe (Chrono Boost)  
  18  1:20  Photon Cannon  
  18  1:21  Pylon  
  18  1:28  Photon Cannon  
  18  1:37  Pylon  
  18  1:43  Probe (Chrono Boost)  
  19  1:59  Gateway  
  19  2:08  Photon Cannon  
Tags
 
Add a new tag
Caveats
  • Supply blocks, unpowered buildings, or Contaminate may cause inaccurate times.
  • Supply counts are checked every 10 seconds.